 Dungeon Sprint DCSS version 0.19-a0-1401-g902f63d (webtiles) character file.

143 Leszczynek the Thrower (level 5, -3/61 HPs)
             Began as an Ogre Hunter on Sept 4, 2016.
             Slain by a neqoxec (4 damage)
             ... in the Dungeon (Sprint II: "The Violet Keep of Menkaure").
             The game lasted 00:01:05 (239 turns).

Leszczynek the Thrower (Ogre Hunter)                 Turns: 239, Time: 00:01:06

Health: -3/61      AC:  3    Str: 17      XL:     5   Next: 25%
Magic:  5/5        EV: 10    Int:  7 (10) God:
Gold:   243        SH:  0    Dex:  9      Spells: 0 memorised, 4 levels left

rFire  . . .     SeeInvis .     a - +0 short sword
rCold  . . .     Gourm    .     b - +0 robe
rNeg   . . .     Faith    .     (no shield)
rPois  .         Spirit   .     (helmet restricted)
rElec  .         Dismiss  .     (no cloak)
rCorr  .         Reflect  .     (gloves unavailable)
MR     .....     Harm     .     (boots unavailable)
Stlth  +......... NoTele   +    (no amulet)
                                (no ring)
                                (no ring)

@: no status effects
A: unfitting armour, blurry vision 1, clumsy 1, tough skin 1
a: no special abilities


You were in the Dungeon.
You were not hungry.

You visited 1 branch You collected 243 gold pieces.

Inventory:

Hand Weapons
 a - a +0 short sword (weapon)
Missiles
 d - 2 throwing nets (quivered)
Armour
 b - a +0 robe (worn)
Scrolls
 k - a scroll of blinking
Potions
 e - a potion of curing
 g - a potion of heal wounds
 h - a potion of haste
 i - 2 potions of magic
 j - a potion of berserk rage
Comestibles
 f - a bread ration
 l - a chunk of flesh


   Skills:
 - Level 6.3 Fighting
 + Level 9.9 Throwing
 - Level 1.7 Dodging
 - Level 0.7 Stealth


You had 4 spell levels left.
You didn't know any spells.

Dungeon Overview and Level Annotations

Branches:
Dungeon (1/1)

Altars:


Innate Abilities, Weirdness & Mutations

You are too large for most types of armour.
You have tough skin. (AC +1)
Scrolls take you a little longer to read.
You are clumsy. (Dex -2)


Message History

The neqoxec is lightly wounded.
The neqoxec hits you.
* * * LOW HITPOINT WARNING * * *
The neqoxec barely misses you. The neqoxec hits you!
* * * LOW HITPOINT WARNING * * *
A neqoxec comes into view.
The neqoxec shouts!
You hit the neqoxec.
The neqoxec is lightly wounded.
The neqoxec barely misses you. The neqoxec hits you.
* * * LOW HITPOINT WARNING * * *
Unknown command.
Unknown command.
You hit the neqoxec but do no damage.
The neqoxec is lightly wounded.
The quasit bites you but does no damage.
The quasit barely misses you.
The quasit claws you but does no damage.
The neqoxec hits you.
You die... ## ## .# #. ### H#H

#.###+#
###.##.##
+5##33<.+
#53@##.##
##5###(#
### ##5
#3 ##


You could see 3 neqoxecs, a quasit, a white imp and an ufetubus.

Vanquished Creatures
  A neqoxec (D)
  3 worms (D)
4 creatures vanquished.

Vanquished Creatures (others)
  A crocodile (D)
1 creature vanquished.

Grand Total: 5 creatures vanquished

Notes
Turn   | Place    | Note
-------+----------+-------------------------------------------
     0 | D        | Leszczynek the Ogre Hunter began the quest for the Orb.
     0 | D        | Reached XP level 1. HP: 22/22 MP: 1/1
     5 | D        | Reached skill level 4 in Fighting
    10 | D        | Reached skill level 5 in Fighting
    10 | D        | Reached XP level 2. HP: 23/36 MP: 2/2
    20 | D        | Reached skill level 6 in Fighting
    71 | D        | Killed a crocodile
   214 | D        | Noticed a hippogriff
   214 | D        | Noticed a hippogriff
   218 | D        | Noticed a neqoxec
   220 | D        | Noticed a neqoxec
   221 | D        | Gained mutation: Your mind is acute. (Int +2) [a neqoxec]
   222 | D        | Noticed a neqoxec
   222 | D        | Killed a neqoxec
   222 | D        | Reached skill level 9 in Throwing
   222 | D        | Reached XP level 3. HP: 44/45 MP: 3/3
   222 | D        | Reached XP level 4. HP: 52/53 MP: 4/4
   222 | D        | Reached XP level 5. HP: 60/61 MP: 5/5
   222 | D        | Gained mutation: Scrolls take you a little longer to read. [a neqoxec]
   231 | D        | Lost mutation: Your mind is acute. (Int +2) [a neqoxec]
   236 | D        | Gained mutation: You are clumsy. (Dex -2) [a neqoxec]
   237 | D        | HP: 5/61 [neqoxec (7)]
   238 | D        | Noticed a neqoxec
   238 | D        | HP: 1/61 [neqoxec (4)]
   239 | D        | Slain by a neqoxec

Vault maps used:
D:        the_violet_keep_of_menkaure

Skill      XL: |  1  2 |
---------------+-------+-----
Fighting       | 5 6 |  6.3
Throwing       | 9 |  9.9
Dodging        | |  1.7
Stealth        | |  0.7

Action                   |  1- 3 |  4- 6 || total
-------------------------+-------+-------++-------
Melee: Short sword       |    10 |     7 ||    17
Throw: Large rock        |     8 |     2 ||    10
Armor: Robe              |       |     3 ||     3
Dodge: Dodged            |     4 |     9 ||    13
